 Dungeon Crawl Stone Soup version 0.19-a0-892-g8a19e52 (webtiles) character file.

3652 matakusis the Nimble (level 9, -6/69 HPs)
             Began as a Demonspawn Gladiator on July 4, 2016.
             Was a Priest of Hepliaklqana.
             Mangled by a meliai zombie (7 damage)
             ... on level 8 of the Dungeon.
             The game lasted 00:24:34 (7560 turns).

matakusis the Nimble (Demonspawn Gladiator)         Turns: 7560, Time: 00:24:35

Health: -6/69      AC:  4    Str: 10 (11) XL:     9   Next: 88%
Magic:  9/9        EV: 18    Int: 10      God:    Hepliaklqana [***...]
Gold:   411        SH: 12    Dex: 15 (16) Spells: 0 memorised, 8 levels left

rFire  . . .     SeeInvis .     a - +1 long sword
rCold  . . .     Gourm    .     b - +0 leather armour
rNeg   . . .     Faith    .     i - +2 shield
rPois  .         Spirit   .     c - +0 helmet
rElec  .         Dismiss  .     (no cloak)
rCorr  .         Reflect  .     v - +0 pair of gloves
SustAt .         Harm     .     A - +0 pair of boots
MR     .....                    (no amulet)
Stlth  +.........               u - +3 ring of evasion
                                F - -5 ring of strength (curse)

@: not resistant to hostile enchantments, very unstealthy
A: deformed body, deterioration 1, powered by death 3, powered by pain 2,
screaming 2
a: Recall Ancestor, Ancestor Identity, Transference, Renounce Religion


You were on level 8 of the Dungeon.
You worshipped Hepliaklqana.
Hepliaklqana was most pleased with you.
You were not hungry.

You visited 2 branches of the dungeon, and saw 9 of its levels.

You collected 411 gold pieces.

Inventory:

Hand Weapons
 a - a +1 long sword (weapon)
Missiles
 d - 3 throwing nets (quivered)
 l - 6 tomahawks of returning
Armour
 b - a +0 leather armour (worn)
 c - a +0 helmet (worn)
 i - a +2 shield (worn)
 v - a +0 pair of gloves (worn)
 A - a +0 pair of boots (worn)
Jewellery
 m - an uncursed ring of sustain attributes
 n - an uncursed ring of protection from cold
 o - an uncursed ring of protection from magic
 u - a +3 ring of evasion (right hand)
 F - a cursed -5 ring of strength (left hand)
Wands
 q - a wand of digging (13/24)
 z - a wand of confusion (29/48)
Scrolls
 e - 2 scrolls of identify
 k - 2 scrolls of magic mapping
 p - a scroll of enchant weapon
 w - 2 scrolls of noise
Potions
 h - 2 potions of flight
 s - a potion of ambrosia
 t - a potion of resistance
 x - a potion of agility
 C - 2 potions of curing
 D - a potion of cancellation
Books
 y - Kikubaaqudgha's Papyrus of Sinister Rituals
   (You found it on level 7 of the Dungeon)

   Spells                             Type                      Level
   a - Pain                           Necromancy                   1
Comestibles
 f - 5 bread rations
 g - a slice of pizza
 j - 4 fruits
 r - 4 meat rations
 E - 6 chunks of flesh


   Skills:
 * Level 5.9 Fighting
 + Level 5.4 Long Blades
 - Level 1.7 Throwing
 * Level 8.6 Dodging
 * Level 7.3 Shields


You had 8 spell levels left.
You didn't know any spells.

Dungeon Overview and Level Annotations

Branches:
Dungeon (8/15)             Temple (1/1) D:4
   Lair: D:8-11

Altars:
Ashenzari
Dithmenos
Elyvilon
Gozag
Hepliaklqana
Kikubaaqudgha
Makhleb
Nemelex Xobeh
Okawaru
Pakellas
Qazlal
Ru
Sif Muna
Trog
Uskayaw
Vehumet
Xom
Yredelemnul
Zin
The Shining One

Shops:
D:8 ((


Innate Abilities, Weirdness & Mutations

You regenerate a lot of health from kills.
You sometimes gain power by taking damage.
Armour fits poorly on your strangely shaped body.
Your body sometimes deteriorates upon taking damage.
You sometimes yell uncontrollably at your foes.


Message History

The meliai zombie barely misses you.
You barely miss the meliai zombie.
The meliai zombie completely misses you.
You riposte.
You hit the meliai zombie. The meliai zombie hits you.
You block the meliai zombie's attack. The meliai zombie hits you.
You slash the meliai zombie! The meliai zombie misses you.
You block the meliai zombie's attack.
The meliai zombie hits you but does no damage.
You block the meliai zombie's attack.
You hit the meliai zombie. The meliai zombie hits you!
* * * LOW HITPOINT WARNING * * *
You block the meliai zombie's attack. The meliai zombie hits you!
* * * LOW HITPOINT WARNING * * *
You block the meliai zombie's attack.
You closely miss the meliai zombie. You block the meliai zombie's attack.
The meliai zombie barely misses you. The meliai zombie hits you!
* * * LOW HITPOINT WARNING * * *
Your body deteriorates!
You feel clumsy. You block the meliai zombie's attack.
The meliai zombie hits you!
You die...

####### #######
#######.....####
.......
#.....'.....'...
.......
#.....#.....#...
......
#.....#.....#... #....
#.....#.....#...
#....########.....#...
#....#............#...
#....@....>.......'...
#...Z#R...........#...
#....#............#...
#....#............#...
######............#+##
...#######........
...# #........ .#
#........ #>.......


You could see the friendly Inhapi the battlemage and a meliai zombie.

Vanquished Creatures
  Sigmund (D:5)
  Edmund (D:4)
  An orc warrior (D:7)
  A necrophage (D:5)
  An ogre (D:5)
  A centaur (D:5)
  A giant frog (D:5)
  2 scorpions
  6 killer bees
  2 crimson imps (D:6)
  A quasit (D:8)
  2 orc priests
  A hound (D:5)
  An orc wizard (D:7)
  An iguana (D:8)
  3 worker ants
  A hound skeleton (D:8)
  3 gnolls (D:4)
  5 adders
  2 shadow imps
  An adder skeleton (D:7)
  2 worms
  A dart slug (D:1)
  7 giant geckos
  10 orcs
  6 bats
  6 giant cockroaches
  3 goblins
  6 hobgoblins
  2 jackals (D:2)
  2 quokkas
  7 giant newts
  12 kobolds
  A quokka skeleton (D:6)
  10 rats
113 creatures vanquished.

Vanquished Creatures (collateral kills)
  The ghost of mopl the Martial Artist, a novice HuTm of Cheibriados (D:7)
  Prince Ribbit (D:5)
  A wyvern (D:8)
  2 hungry ghosts
  A sky beast (D:8)
  2 orc warriors (D:8)
  An ogre (D:6)
  A big kobold (D:7)
  A giant frog (D:8)
  3 killer bees
  2 howler monkeys (D:7)
  A giant frog zombie (D:8)
  A jelly (D:8)
  An orc priest (D:8)
  An iguana (D:8)
  An orc wizard (D:7)
  3 worker ants
  A worker ant zombie (D:6)
  An adder (D:5)
  2 adder zombies
  2 giant geckos
  6 orcs
  A quokka (D:5)
  A giant newt (D:6)
  A kobold (D:7)
39 creatures vanquished.

Vanquished Creatures (others)
  A battlemage (D:7)
  2 ancestors
3 creatures vanquished.

Grand Total: 155 creatures vanquished

Notes
Turn   | Place    | Note
-------+----------+-------------------------------------------
     0 | D:1      | matakusis the Demonspawn Gladiator began the quest for the Orb.
     0 | D:1      | Reached XP level 1. HP: 16/16 MP: 1/1
   223 | D:1      | Gained mutation: You sometimes gain a little power by taking damage. [demonic ancestry]
   223 | D:1      | Reached XP level 2. HP: 22/22 MP: 2/2
   232 | D:1      | Reached skill level 3 in Dodging
   949 | D:2      | Reached XP level 3. HP: 23/28 MP: 3/3
  1056 | D:2      | You fall through a shaft!
  1582 | D:2      | Reached skill level 1 in Shields
  1686 | D:2      | Gained mutation: You regenerate a little health from kills. [demonic ancestry]
  1686 | D:2      | Reached XP level 4. HP: 34/34 MP: 4/4
  2636 | D:4      | Found a staircase to the Ecumenical Temple.
  2650 | Temple   | Entered the Ecumenical Temple
  2757 | Temple   | Became a worshipper of Hepliaklqana
  2793 | D:4      | Noticed a hungry ghost
  2804 | D:4      | Killed a hungry ghost
  2804 | D:4      | Reached skill level 4 in Dodging
  2804 | D:4      | Gained mutation: You regenerate health from kills. [demonic ancestry]
  2804 | D:4      | Reached XP level 5. HP: 38/41 MP: 5/5
  3034 | D:4      | Reached XP level 6. HP: 10/47 MP: 6/6
  3377 | D:4      | Noticed Edmund
  3400 | D:4      | Killed Edmund
  3549 | D:5      | Entered Level 5 of the Dungeon
  3574 | D:5      | Found an iron altar of Okawaru.
  3607 | D:5      | Noticed Sigmund
  3616 | D:5      | Killed Sigmund
  3616 | D:5      | Reached skill level 5 in Dodging
  3616 | D:5      | Reached XP level 7. HP: 40/54 MP: 7/7
  3994 | D:5      | Reached * piety under Hepliaklqana
  4478 | D:5      | Noticed Prince Ribbit
  4575 | D:5      | Found an oddly glowing altar of Pakellas.
  4882 | D:5      | Killed Prince Ribbit
  4882 | D:5      | Reached skill level 6 in Dodging
  4882 | D:5      | Gained mutation: You regenerate a lot of health from kills. [demonic ancestry]
  4882 | D:5      | Reached XP level 8. HP: 39/61 MP: 8/8
  5008 | D:6      | Found a basalt altar of Yredelemnul.
  5078 | D:6      | Found a bloodstained altar of Trog.
  5409 | D:6      | Reached skill level 5 in Fighting
  5605 | D:6      | Reached ** piety under Hepliaklqana
  5606 | D:6      | Remembered your ancestor Inhapi as a battlemage
  5616 | D:6      | Found an opulent altar of Gozag.
  5836 | D:7      | Found an ancient bone altar of Kikubaaqudgha.
  5841 | D:7      | Found a deep blue altar of Sif Muna.
  5884 | D:7      | Found a radiant altar of Vehumet.
  5887 | D:7      | Identified Kikubaaqudgha's Papyrus of Sinister Rituals
  6079 | D:7      | Reached skill level 5 in Shields
  6101 | D:7      | Noticed mopl's ghost (novice HuTm)
  6118 | D:7      | Killed mopl's ghost
  6118 | D:7      | Reached skill level 5 in Long Blades
  6118 | D:7      | Reached skill level 7 in Dodging
  6118 | D:7      | Gained mutation: You sometimes gain power by taking damage. [demonic ancestry]
  6118 | D:7      | Reached XP level 9. HP: 31/68 MP: 9/9
  6851 | D:8      | Found a sacrificial altar of Ru.
  6876 | D:8      | Reached skill level 8 in Dodging
  6912 | D:8      | Gained mutation: Your body sometimes deteriorates upon taking damage. [mutagenic meat]
  6915 | D:8      | Gained mutation: Armour fits poorly on your strangely shaped body. [mutagenic meat]
  6918 | D:8      | Gained mutation: You occasionally shout uncontrollably at your foes. [mutagenic meat]
  6921 | D:8      | Gained mutation: You sometimes yell uncontrollably at your foes. [mutagenic meat]
  6971 | D:8      | Found Xuzekkea's Weapon Shop.
  7101 | D:8      | Found Nooblos's Antique Weapon Emporium.
  7319 | D:8      | Reached *** piety under Hepliaklqana
  7560 | D:8      | HP: 1/69 [meliai zombie (10)]
  7560 | D:8      | Mangled by a meliai zombie

Vault maps used:
D:1:      dpeg_arrival_round_a, serial_co_window_serial, co_window_paths_a,
          co_window_paths_b, co_window_of_opportunity_a, co_window_paths_b,
          co_window_corner_a, co_window_corner_b, co_window_unsneaky_path_d,
          co_window_unsneaky_path_b, co_window_cross_2, co_window_corner_b,
          co_window_unsneaky_path_a, co_window_broadway_c, co_window_4corner_b,
          glass_columns_a, glass_columns_c, glass_columns_c, glass_columns_a,
          minmay_misc_feat_five
D:2:      bh_walls_and_bars
D:4:      uniq_edmund
D:5:      lemuel_coloured_pillars_altar, okawaru_gym_becter, first_bread,
          minivault_5, uniq_sigmund, uniq_prince_ribbit1
D:6:      old_standard_altar, grunt_gozag_breadcrumbs, yredelemnul_altar_generic
D:7:      grunt_temple_overflow_magic_moments
D:8:      kennysheep_mini_moat, nicolae_ru_sacrificial_ziggurat, serial_glass,
          glass_columns_a, glass_columns_a, serial_shops, shop,
          nicolae_shop_behind_doors, shop, grunt_ministairs_10
Temple:   chequers_temple_sunken

Skill      XL: |  1  2  3  4  5  6  7  8  9 |
---------------+----------------------------+-----
Dodging        | 3 4 5 6 7 8 |  8.6
Long Blades    | 3 4 5 |  5.4
Shields        | 1 2 3 4 5 7 |  7.3
Fighting       | 3 4 5 |  5.9
Throwing       | |  1.7

Action                   |  1- 3 |  4- 6 |  7- 9 || total
-------------------------+-------+-------+-------++-------
Melee: Long sword        |   149 |   117 |   411 ||   677
Throw: Throwing net      |       |     1 |     4 ||     5
       Tomahawk          |       |       |     3 ||     3
Invok: Ancestor Life: Ba |       |       |     1 ||     1
       Recall Ancestor   |       |       |     1 ||     1
  Use: Scroll            |       |     7 |     9 ||    16
       Potion            |       |     3 |     2 ||     5
 Stab: Sleeping          |     1 |     1 |       ||     2
       Distracted        |       |     1 |     5 ||     6
       Held in net/web   |       |       |     1 ||     1
  Eat: Chunk             |     3 |     7 |    18 ||    28
Armor: Leather armour    |    38 |    13 |    30 ||    81
Dodge: Dodged            |    59 |    40 |   206 ||   305
Block: Shield            |    58 |    52 |   220 ||   330
